 Dungeon Crawl Stone Soup version 0.31-a0-765-g67fe2935dc (webtiles) character file.

Game seed: 734642634816675506

1911 Pixllover the Covered (level 9, -12/56 HPs)
             Began as a Gargoyle Berserker on Sept 16, 2023.
             Was a Priest of Trog.
             Killed by divine providence
             ... invoked by an orc priest
              (14 damage)
             ... on level 7 of the Dungeon.
             The game lasted 00:24:21 (6201 turns).

Pixllover the Covered (Gargoyle Berserker)          Turns: 6201, Time: 00:24:22

Health: -12/56     AC: 25    Str: 27    XL:     9   Next: 16%
Magic:  0/9        EV:  8    Int:  8    God:    Trog [***...]
Gold:   121        SH:  0    Dex:  9    Spells: 8/8 levels left

rFire   . . .        D - +3 great mace (heavy)
rCold   . . .        (shield currently unavailable)
rNeg    + . .        e - +0 plate armour
rPois   ∞            h - +1 helmet
rElec   +            p - +0 cloak
rCorr   +            u - +0 pair of gloves
SInv    +            g - +0 pair of boots
Will    .....        i - amulet of Haamnag {Spirit Regen+ Str+2} Stlth
                     c - ring of see invisible
HPRegen 0.00/turn    l - ring of resist corrosion
MPRegen 0.11/turn

%: guardian spirit
@: on berserk cooldown, inhibited regen, slowed, very slow
A: sickness immunity, AC +6, negative energy resistance 1, electricity
resistance, torment resistance 1, petrification resistance, talons 1, inhibited
regeneration
a: Renounce Religion, Berserk, Trog's Hand


You were on level 7 of the Dungeon.
You worshipped Trog.
Trog was most pleased with you.
You visited 2 branches of the dungeon, and saw 8 of its levels.
You also visited: Sewer.

You collected 358 gold pieces.
You spent 237 gold pieces at shops.

Inventory:

Hand Weapons
 A - a +4 war axe of freezing
 D - a +3 heavy great mace (weapon)
Missiles
 y - 25 poisoned darts (quivered)
 B - a throwing net
Armour
 e - a +0 plate armour (worn)
 g - a +0 pair of boots (worn)
 h - a +1 helmet (worn)
 p - a +0 cloak (worn)
 u - a +0 pair of gloves (worn)
Jewellery
 c - a ring of see invisible (left hand)
 i - the amulet of Haamnag (around neck) {Spirit Regen+ Str+2}
   (You found it on level 2 of the Dungeon)

   [amulet of guardian spirit]

   Spirit:    It causes incoming damage to be divided between your reserves of
   health and magic.
   Str+2:     It affects your strength (+2).
   Regen+:    It increases your rate of health regeneration.
 l - a ring of resist corrosion (right hand)
Wands
 C - a wand of iceblast (24)
Scrolls
 b - a scroll of silence
 q - a scroll of blinking {unknown}
 r - a scroll of noise {unknown}
Potions
 a - 2 potions of curing
 d - a potion of lignification {unknown}
 m - a potion of haste
 n - a potion of enlightenment {unknown}
 s - 2 potions of magic
 t - a potion of experience {unknown}
 w - 2 potions of cancellation
 x - 2 potions of invisibility
 z - a potion of might {unknown}


   Skills:
 + Level 6.4 Fighting
 + Level 5.7(6.8) Axes
 + Level 6.1(7.3) Maces & Flails
 + Level 6.7 Armour
 + Level 2.5 Dodging
 + Level 0.1 Stealth


You had 8 spell levels left.
You didn't know any spells.
Your spell library was empty.

Dungeon Overview and Level Annotations

Branches:
Dungeon (7/15)             Temple (1/1) D:5           Sewer (visited)

Altars:
Ashenzari
Cheibriados
Dithmenos
Elyvilon
Fedhas
Gozag
Hepliaklqana
Kikubaaqudgha
Makhleb
Nemelex Xobeh
Okawaru
Qazlal
Ru
Sif Muna
Trog
Uskayaw
Vehumet
Wu Jian
Xom
Yredelemnul
Zin

Shops:
D:4 [[(   D:6 *   D:7 (

Annotations:
D:3 3 runed translucent doors, Opifex's ghost, amateur KoHu
D:7 Jeremiah


Innate Abilities, Weirdness & Mutations

You are immune to sickness and miasma.
Your stone body is resilient. (AC +6)
You are immune to poison.
You resist negative energy. (rN+)
You are resistant to electric shocks. (rElec)
You are resistant to unholy torment.
You are immune to petrification.
You have sharp toenails.
You do not regenerate when monsters are visible.


Message History

The orc priest hits you but does no damage.
The wyvern bites you but does no damage.
You closely miss the orc priest.
The orc priest is heavily wounded.
The wyvern bites you but does no damage.
The orc priest barely misses you.
The wyvern bites you but does no damage.
The orc priest barely misses you. The wyvern completely misses you.
The orc priest hits you but does no damage.
The wyvern bites you but does no damage.
You closely miss the orc priest.
The orc priest is heavily wounded.
The wyvern bites you. x2
* * * LOW HITPOINT WARNING * * *
The orc priest hits you with a +0 whip.
* * * LOW HITPOINT WARNING * * *
The wyvern bites you!
* * * LOW HITPOINT WARNING * * *
The orc priest hits you but does no damage.
The wyvern bites you but does no damage.
The orc priest hits you but does no damage.
The wyvern hisses menacingly.
The wyvern barely misses you.
You closely miss the orc priest.
The orc priest is heavily wounded.
The wyvern bites you.
* * * LOW HITPOINT WARNING * * *
The wyvern bites you but does no damage.
The orc priest hits you but does no damage.
The wyvern bites you but does no damage.
The orc priest hits you but does no damage.
The wyvern closely misses you.
The orc priest hits you but does no damage.
Unknown command.
You hit the orc priest.
The orc priest is almost dead.
The wyvern barely misses you. The wyvern completely misses you.
The orc priest calls down the wrath of Beogh upon you.
Beogh smites you!
You die...

##.######
......l@#
...####o#
. #.# . #
#.# #.
#.# #.
#.#
#.#.##.#
#.<...#
#.######


You could see a wyvern and an orc priest.

Vanquished Creatures
  Eustachio (D:4)
  A steam dragon (D:6)
  An acid dragon (D:6)
  An ice beast (D:6)
  A black bear (D:6)
  A centaur (D:6)
  2 ogres
  2 kobold brigands (Sewer)
  A scorpion (D:4)
  A howler monkey (D:5)
  A jelly (D:6)
  An orc priest (D:7)
  A gnoll bouda (D:5)
  5 hounds
  7 iguanas
  2 orc wizards
  7 gnolls
  4 river rats (Sewer)
  11 adders
  A shadow imp (D:5)
  A white imp (D:5)
  2 worms (D:4)
  5 dart slugs
  12 orcs
  11 ball pythons
  7 bats
  7 endoplasms
  3 giant cockroaches
  7 goblins
  6 hobgoblins
  3 jackals (D:1)
  2 quokkas (D:1)
  2 frilled lizards (D:1)
  24 kobolds
  19 rats
163 creatures vanquished.

Vanquished Creatures (collateral kills)
  2 gnolls (D:5)
2 creatures vanquished.

Grand Total: 165 creatures vanquished

Notes
Turn   | Place    | Note
-------+----------+-------------------------------------------
     0 | D:1      | Pixllover the Gargoyle Berserker began the quest for the
                  | Orb.
     0 | D:1      | Reached XP level 1. HP: 14/14 MP: 1/1
   106 | D:1      | Reached XP level 2. HP: 19/19 MP: 2/2
   321 | D:1      | Found a faded altar of an unknown god.
   580 | D:1      | Reached XP level 3. HP: 23/23 MP: 3/3
  1077 | D:2      | Reached ** piety under Trog
  1298 | D:2      | Reached XP level 4. HP: 29/29 MP: 4/4
  1314 | D:2      | Identified the amulet of Haamnag {Spirit Regen+ Str+2}
  1753 | D:3      | Found a runed translucent gate.
  1753 | D:3      | Noticed Opifex's ghost (amateur KoHu)
  1764 | D:3      | Found a runed translucent gate.
  1765 | D:3      | Found a runed translucent gate.
  2268 | D:3      | Found a shimmering blue altar of Sif Muna.
  2269 | D:3      | Found a shimmering altar of Xom.
  2589 | D:4      | Found an opulent altar of Gozag.
  2597 | D:4      | Found a sacrificial altar of Ru.
  2598 | D:4      | Found a broken altar of Ashenzari.
  2599 | D:4      | Found a bloodstained altar of Trog.
  2599 | D:4      | Found a burning altar of Makhleb.
  2599 | D:4      | Found a sparkling altar of Nemelex Xobeh.
  2601 | D:4      | Found a radiant altar of Vehumet.
  2604 | D:4      | Found a hazy altar of Hepliaklqana.
  2672 | D:4      | Reached XP level 5. HP: 34/34 MP: 5/5
  2789 | D:4      | Found Firi's Armour Boutique.
  2792 | D:4      | Found a snail-covered altar of Cheibriados.
  2883 | D:4      | Noticed Eustachio
  2908 | D:4      | Killed Eustachio
  2909 | D:4      | Reached skill level 5 in Fighting
  2909 | D:4      | Reached skill level 1 in Axes
  2909 | D:4      | Reached XP level 6. HP: 40/40 MP: 6/6
  2953 | D:4      | Found Ynaup's Antique Armour Boutique.
  3001 | D:4      | Found Inarch's Antique Weapon Shop.
  3081 | D:4      | Found a glowing drain.
  3104 | Sewer    | Entered a sewer
  3237 | Sewer    | Reached XP level 7. HP: 42/44 MP: 7/7
  3299 | Sewer    | Reached *** piety under Trog
  4261 | D:5      | Entered Level 5 of the Dungeon
  4261 | D:5      | Found a staircase to the Ecumenical Temple.
  4272 | Temple   | Entered the Ecumenical Temple
  4438 | D:5      | Found a stormy altar of Qazlal.
  4488 | D:5      | Reached skill level 5 in Armour
  4639 | D:5      | Reached XP level 8. HP: 51/51 MP: 8/8
  4821 | D:5      | Reached **** piety under Trog
  4947 | D:5      | Gained mutation: You have hidden genetic defects. [potion
                  | of mutation]
  5266 | D:4      | Bought a runed great mace for 237 gold pieces
  5327 | D:6      | Reached skill level 5 in Axes
  5333 | D:6      | Gained mutation: You occasionally lose the ability to read
                  | scrolls when taking damage. [hidden defects]
  5439 | D:6      | Reached skill level 5 in Maces & Flails
  5449 | D:6      | Gained mutation: You occasionally lose the ability to drink
                  | potions when taking damage. [hidden defects]
  5449 | D:6      | Lost mutation: You have hidden genetic defects. [hidden
                  | defects expressed]
  5478 | D:6      | Found Qizxanushri's Overcharged Wands.
  5525 | D:6      | Lost mutation: You occasionally lose the ability to drink
                  | potions when taking damage. [potion of mutation]
  5525 | D:6      | Lost mutation: You occasionally lose the ability to read
                  | scrolls when taking damage. [potion of mutation]
  5525 | D:6      | Gained mutation: You do not regenerate when monsters are
                  | visible. [potion of mutation]
  5525 | D:6      | Gained mutation: You have sharp toenails. [potion of
                  | mutation]
  5633 | D:6      | Reached XP level 9. HP: 56/56 MP: 9/9
  5954 | D:7      | Noticed Jeremiah
  6046 | D:7      | Found Sofokhlat's Weapon Shoppe.
  6200 | D:7      | HP: 2/56 [wyvern (2)]
  6201 | D:7      | Killed from afar by an orc priest

Illustrated notes

Levels and vault maps discovered:
D:1:      amcnicky_arrival_blooded_trapdoor, layout_basic,
          ebering_ecumenical_altar_hall, minmay_octomino_c4
D:2:      layout_basic
D:3:      layout_loops_ring, nicolae_overflow_squiral, ebering_ghost_rock_garden
D:4:      layout_loops_ring, lemuel_tele_altar, minitemple, serial_shops, shop,
          shop, nicolae_shop_hallway_stairs, cheibrodos_sewer_entry_bend,
          chequers_serial_rivers_room_b, uniq_eustachio
D:5:      layout_gridville, grunt_qazlal_sundering,
          minmay_temple_entry_offerings
D:6:      layout_rooms, nicolae_shop_overcharged_wands
D:7:      layout_loops_ring, serial_shops, nicolae_shop_gibbet_a_chance,
          uniq_jeremiah, uniq_maggie
Temple:   nicolae_temple_cloud_nine

Skill      XL: |  1  2  3  4  5  6  7  8  9 |
---------------+----------------------------+-----
Dodging        | 2 |  2.5
Fighting       | 4 5 6 |  6.4
Maces & Flails | 4 5 6 |  6.1
Armour         | 3 4 5 6 |  6.7
Axes           | 1 2 4 5 |  5.7
Stealth        | |  0.1

Action                     |  1- 3 |  4- 6 |  7- 9 || total
---------------------------+-------+-------+-------++-------
  Melee: Mace              |    52 |       |       ||    52
         Flail             |    70 |    23 |       ||    93
         Punch             |     2 |     1 |     1 ||     4
         Hand axe          |       |   112 |    55 ||   167
         War axe           |       |       |    58 ||    58
         Great mace        |       |       |    87 ||    87
 Invoke: Berserk           |     1 |     2 |     4 ||     7
         Trog's Hand       |       |     1 |     1 ||     2
    Use: Scroll            |       |       |    12 ||    12
         Potion            |       |       |     4 ||     4
 Armour: Animal skin       |   113 |       |       ||   113
         Plate armour      |    87 |   188 |   366 ||   641
  Dodge: Dodged            |   143 |    88 |   140 ||   371

Table legend: (Time is in decaauts)
 A = Elapsed time spent in this place.
 B = Non-inter-level travel time spent in this place.
 C = Inter-level travel time spent in this place.
 D = Time resting spent in this place.
 E = Time spent auto-exploring this place.
 F = Levels seen in this place.
 G = Mean time per level.
                   A        B        C        D        E       F      G
               +--------+--------+--------+--------+--------+-----+--------+
         Total |   6532 |   6349 |    183 |     67 |   3253 |   9 |  725.8 |
       Dungeon |   5765 |   5582 |    183 |     67 |   2948 |   7 |  823.6 |
        Temple |      5 |      5 |      0 |      0 |      0 |   1 |    5.0 |
         Sewer |    760 |    760 |      0 |      0 |    304 |   1 |  760.0 |
               +--------+--------+--------+--------+--------+-----+--------+

Top non-repeatable levels by time:
     D:4: 1151 daAuts
     D:1: 1043 daAuts
     D:5: 995 daAuts
     D:3: 847 daAuts
   Sewer: 760 daAuts
     D:2: 743 daAuts
     D:6: 704 daAuts
     D:7: 281 daAuts
  Temple: 5 daAuts
